ORI
UNIVERSITY OF MAINE BLACK BEARS @ UNIVERSITY OF FLORIDA GATORS
11/17/2045
 
TOP OF THE 1ST
Myrtle Beach Pelicans batting - Pitching for Potomac Nationals : RHP Dave Hendriks
Pitching: RHP Dave Hendriks
Batting: RHB Bobby Valdez 0-0: Swinging Strike
0-1: Fly out, F8 (Flyball, 8LM, EV 89.4 MPH)
Batting: LHB Eric McIver 0-0: Swinging Strike
0-1: Ball
1-1: Called Strike
1-2: Ball
2-2: Foul Ball, location: 2F
2-2: Ground out U3 (Groundball, 3, EV 92.5 MPH)
Batting: LHB Tony Santiago 0-0: Fly out, F7 (Flyball, 78S, EV 76.9 MPH)
Top of the 1st over - 0 runs, 0 hits, 0 errors, 0 left on base; Myrtle Beach 0 - Potomac 0
BOTTOM OF THE 1ST
Potomac Nationals batting - Pitching for Myrtle Beach Pelicans : RHP Austin Trzcinski
Pitching: RHP Austin Trzcinski
Batting: RHB Jonathan Moore 0-0: Ball
1-0: Foul Ball, location: 2F
1-1: SINGLE (Line Drive, 6M, EV 98.8 MPH)
Batting: LHB Mike Lopez 0-0: Ball
1-0: 2-RUN HOME RUN (Flyball, 9D, EV 95.6 MPH), Distance : 392 ft
Batting: RHB Alex Sandoval 0-0: Ground out 6-3 (Groundball, 6D, EV 109.4 MPH)
Batting: LHB Yasahiko Teshima 0-0: Called Strike
0-1: SINGLE (Flyball, 56D, EV 92.5 MPH)
Batting: RHB Chris Montgomery 0-0: Ball
1-0: Ball
Yasahiko Teshima steals 2nd base (no throw)
2-0: Called Strike
2-1: Swinging Strike
2-2: Ground out U3 (Groundball, 3S, EV 85.6 MPH)
Yasahiko Teshima to third
Batting: RHB Manny Jiu 0-0: Ball
1-0: Swinging Strike
1-1: Ball
2-1: Called Strike
2-2: Fly out, F9 (Flyball, 9S, EV 82.5 MPH)
Bottom of the 1st over - 2 runs, 3 hits, 0 errors, 1 left on base; Myrtle Beach 0 - Potomac 2
TOP OF THE 2ND
Myrtle Beach Pelicans batting - Pitching for Potomac Nationals : RHP Dave Hendriks
Batting: RHB Gregorio Morales 0-0: Ball
1-0: Ball
2-0: Single, Error in OF, E9, batter to second base (Line Drive, 34D, EV 102.5 MPH)
Batting: RHB Roberto Rivera 0-0: Called Strike
0-1: Foul Ball, location: 2F
0-2: Ball
1-2: Foul Ball, location: 2F
1-2: SINGLE (Groundball, 6D, EV 106.9 MPH)
Gregorio Morales to third
Batting: LHB Dave Wheeler 0-0: Called Strike
0-1: Fly out, F7 (Flyball, 78S, EV 71.3 MPH)
Batting: RHB Chad Howe 0-0: Ball
1-0: Called Strike
1-1: Ball
2-1: Ball
3-1: Foul Ball, location: 2F
3-2: Foul Ball, location: 2F
3-2: DOUBLE (Groundball, 5L, EV 103.8 MPH)
Gregorio Morales scores
Roberto Rivera to third
Batting: SHB Eddie Tetzlaff 0-0: SINGLE (Line Drive, 7S, EV 106.3 MPH)
Roberto Rivera scores
Chad Howe to third
Batting: LHB Austin Trzcinski 0-0: Ball
1-0: Sac Bunt to 23 - play at first, batter OUT! 3-4
Eddie Tetzlaff to second
Batting: RHB Bobby Valdez 0-0: Called Strike
0-1: Ball
1-1: Foul Ball, location: 2F
1-2: Strikes out swinging
Top of the 2nd over - 2 runs, 4 hits, 1 error, 2 left on base; Myrtle Beach 2 - Potomac 2
BOTTOM OF THE 2ND
Potomac Nationals batting - Pitching for Myrtle Beach Pelicans : RHP Austin Trzcinski
Batting: RHB Luis Neri 0-0: Called Strike
0-1: Ground out 5-3 (Groundball, 5, EV 86.9 MPH)
Batting: RHB Jeremy Griffin 0-0: Ball
1-0: Fly out, F9 (Line Drive, 9D, EV 88.1 MPH)
Batting: RHB Dave Hendriks 0-0: Called Strike
0-1: Foul Ball, location: 2F
0-2: Fly out, F9 (Flyball, 89M, EV 87.5 MPH)
Bottom of the 2nd over - 0 runs, 0 hits, 0 errors, 0 left on base; Myrtle Beach 2 - Potomac 2
TOP OF THE 3RD
Myrtle Beach Pelicans batting - Pitching for Potomac Nationals : RHP Dave Hendriks
Batting: LHB Eric McIver 0-0: Ball
1-0: Fly out, F3 (Popup, 3F, EV 67.5 MPH)
Batting: LHB Tony Santiago 0-0: Reached via error on a dropped throw from 2B, E3 (Groundball, 4, EV 80.6 MPH)
Batting: RHB Gregorio Morales 0-0: Ball
Tony Santiago is caught stealing 2nd base 2-4
1-0: Called Strike
1-1: Swinging Strike
1-2: Ball
2-2: Ball
3-2: Foul Ball, location: 2F
3-2: Strikes out swinging
Top of the 3rd over - 0 runs, 0 hits, 1 error, 0 left on base; Myrtle Beach 2 - Potomac 2
BOTTOM OF THE 3RD
Potomac Nationals batting - Pitching for Myrtle Beach Pelicans : RHP Austin Trzcinski
Batting: RHB Jonathan Moore 0-0: Ball
1-0: Foul Ball, location: 2F
1-1: Foul Ball, location: 2F
1-2: Ball
2-2: Foul Ball, location: 2F
2-2: Foul Ball, location: 2F
2-2: DOUBLE (Line Drive, 9LS, EV 98.8 MPH)
Batting: LHB Mike Lopez 0-0: Ball
1-0: DOUBLE (Line Drive, 5D, EV 98.1 MPH)
Jonathan Moore scores
Batting: RHB Alex Sandoval 0-0: Ball
1-0: Called Strike
1-1: Ground out 4-3 (Groundball, 4, EV 85.6 MPH)
Mike Lopez to third
Batting: LHB Yasahiko Teshima 0-0: Ball
1-0: Swinging Strike
1-1: Foul Ball, location: 2F
1-2: Ground out 4-3 (Groundball, 4, EV 79.4 MPH)
Mike Lopez scores
Batting: RHB Chris Montgomery 0-0: Called Strike
0-1: Ball
1-1: Foul Ball, location: 2F
1-2: Foul Ball, location: 2F
1-2: Ball
2-2: Foul Ball, location: 2F
2-2: Ball
3-2: Foul Ball, location: 2F
3-2: SOLO HOME RUN (Flyball, 7D, EV 86.3 MPH), Distance : 395 ft
Batting: RHB Manny Jiu 0-0: Called Strike
0-1: Ball
1-1: Ball
2-1: Hit by Pitch
Batting: RHB Luis Neri 0-0: Ball
1-0: SINGLE (Groundball, 6MD, EV 105.0 MPH)
Manny Jiu to second
Pitching: RHP Dan Osika
Batting: RHB Jeremy Griffin 0-0: Fly out, F8 (Flyball, 8RM, EV 78.8 MPH)
Bottom of the 3rd over - 3 runs, 4 hits, 0 errors, 2 left on base; Myrtle Beach 2 - Potomac 5
TOP OF THE 4TH
Myrtle Beach Pelicans batting - Pitching for Potomac Nationals : RHP Dave Hendriks
Batting: RHB Roberto Rivera 0-0: Ball
1-0: Ground out 5-3 (Groundball, 5, EV 105.0 MPH)
Batting: LHB Dave Wheeler 0-0: Ball
1-0: Ball
2-0: Swinging Strike
2-1: DOUBLE (Flyball, 9LD, EV 112.5 MPH)
Pinch Runner at 2nd Ryan Cross:
Batting: RHB Chad Howe 0-0: Ground out 4-3 (Groundball, 34, EV 88.8 MPH)
Ryan Cross to third
Batting: SHB Eddie Tetzlaff 0-0: Called Strike
0-1: TRIPLE (Flyball, 89XD, EV 105.6 MPH)
Ryan Cross scores
Batting: RHB Dan Osika 0-0: Swinging Strike
0-1: Ball
1-1: Swinging Strike
1-2: Strikes out looking
Top of the 4th over - 1 run, 2 hits, 0 errors, 1 left on base; Myrtle Beach 3 - Potomac 5
BOTTOM OF THE 4TH
Potomac Nationals batting - Pitching for Myrtle Beach Pelicans : RHP Dan Osika
Now in RF: Ryan Cross
Batting: RHB Dave Hendriks 0-0: Called Strike
0-1: Called Strike
0-2: Strikes out looking
Batting: RHB Jonathan Moore 0-0: Ball
1-0: Ball
2-0: Called Strike
2-1: Ground out 5-3 (Groundball, 56, EV 86.9 MPH)
Batting: LHB Mike Lopez 0-0: Foul Ball, location: 2F
0-1: Ball
1-1: Ball
2-1: Swinging Strike
2-2: Strikes out swinging
Bottom of the 4th over - 0 runs, 0 hits, 0 errors, 0 left on base; Myrtle Beach 3 - Potomac 5
TOP OF THE 5TH
Myrtle Beach Pelicans batting - Pitching for Potomac Nationals : RHP Dave Hendriks
Batting: RHB Bobby Valdez 0-0: Ball
1-0: Ball
2-0: Ball
3-0: Called Strike
3-1: Base on Balls
Batting: LHB Eric McIver 0-0: Ball
1-0: Swinging Strike
1-1: Ball
2-1: Ball
3-1: Swinging Strike
3-2: Fielders Choice at 2nd, 4-6 (Groundball, 4, EV 83.8 MPH)
Batting: LHB Tony Santiago 0-0: Ball
1-0: Called Strike
Eric McIver steals 2nd base
1-1: DOUBLE (Line Drive, 9LM, EV 98.8 MPH)
Eric McIver scores
Batting: RHB Gregorio Morales 0-0: Ball
Tony Santiago steals 3rd base
1-0: Foul Ball, location: 2F
1-1: Called Strike
1-2: Ball
2-2: Ball
3-2: Ground out 4-3 (Groundball, 4S, EV 86.9 MPH)
Tony Santiago scores
Batting: RHB Roberto Rivera 0-0: Called Strike
0-1: Swinging Strike
0-2: Ground out 6-3 (Groundball, 6, EV 110.0 MPH)
Top of the 5th over - 2 runs, 1 hit, 0 errors, 0 left on base; Myrtle Beach 5 - Potomac 5
BOTTOM OF THE 5TH
Potomac Nationals batting - Pitching for Myrtle Beach Pelicans : RHP Dan Osika
Batting: RHB Alex Sandoval 0-0: Fly out, F7 (Line Drive, 7, EV 109.4 MPH)
Batting: LHB Yasahiko Teshima 0-0: Called Strike
0-1: Foul Ball, location: 2F
0-2: Ball
1-2: Ball
2-2: Foul Ball, location: 2F
2-2: DOUBLE (Line Drive, 9LM, EV 96.3 MPH)
Batting: RHB Chris Montgomery 0-0: Ball
1-0: Called Strike
Yasahiko Teshima is caught stealing 3rd base 2-5
1-1: Ground out 5-3 (Groundball, 56, EV 92.5 MPH)
Bottom of the 5th over - 0 runs, 1 hit, 0 errors, 0 left on base; Myrtle Beach 5 - Potomac 5
TOP OF THE 6TH
Myrtle Beach Pelicans batting - Pitching for Potomac Nationals : RHP Dave Hendriks
Batting: LHB Ryan Cross 0-0: Called Strike
0-1: Ball
1-1: Ball
2-1: SINGLE (Groundball, 4MD, EV 96.9 MPH)
Batting: RHB Chad Howe 0-0: Ball
1-0: Called Strike
1-1: Called Strike
1-2: Strikes out swinging
Batting: SHB Eddie Tetzlaff 0-0: Ball
1-0: Swinging Strike
1-1: Ball
2-1: Foul Ball, location: 2F
2-2: Foul Ball, location: 2F
2-2: Foul Ball, location: 2F
2-2: SINGLE (Groundball, 4D, EV 109.4 MPH)
Ryan Cross to second
Batting: RHB Dan Osika 0-0: Sac Bunt to 15 - play at first, batter OUT! 1-4
Ryan Cross to third
Eddie Tetzlaff to second
Batting: RHB Bobby Valdez 0-0: Ball
1-0: Ball
2-0: Fly out, F2 (Popup, 23F, EV 94.4 MPH)
Top of the 6th over - 0 runs, 2 hits, 0 errors, 2 left on base; Myrtle Beach 5 - Potomac 5
BOTTOM OF THE 6TH
Potomac Nationals batting - Pitching for Myrtle Beach Pelicans : RHP Dan Osika
Batting: RHB Manny Jiu 0-0: Ball
1-0: Swinging Strike
1-1: Ball
2-1: Foul Ball, location: 2F
2-2: Foul Ball, location: 2F
2-2: Ball
3-2: Foul Ball, location: 2F
3-2: Foul Ball, location: 2F
3-2: Foul Ball, location: 2F
3-2: Ground out 6-3 (Groundball, 6, EV 85.6 MPH)
Batting: RHB Luis Neri 0-0: Swinging Strike
0-1: Swinging Strike
0-2: Ball
1-2: Foul Ball, location: 2F
1-2: Strikes out swinging
Batting: RHB Jeremy Griffin 0-0: Called Strike
0-1: Ground out 3-1 (Groundball, 34S, EV 66.3 MPH)
Bottom of the 6th over - 0 runs, 0 hits, 0 errors, 0 left on base; Myrtle Beach 5 - Potomac 5
TOP OF THE 7TH
Myrtle Beach Pelicans batting - Pitching for Potomac Nationals : RHP Dave Hendriks
Pitching: RHP Max Beeler
Batting: LHB Eric McIver 0-0: SINGLE (Groundball, 4MD, EV 96.3 MPH)
Batting: LHB Tony Santiago 0-0: Called Strike
0-1: Called Strike
0-2: Ball
Wild Pitch!
Eric McIver to second
1-2: Ball
2-2: SINGLE (Groundball, 6MD, EV 96.9 MPH)
Eric McIver to third
Runner from 3rd tries for Home, SAFE, throw by CF to home
Batting: RHB Gregorio Morales 0-0: Ball
1-0: Ball
2-0: Called Strike
2-1: Foul Ball, location: 2F
2-2: Ball
3-2: Foul Ball, location: 2F
3-2: Foul Ball, location: 2F
3-2: DOUBLE (Groundball, 3L, EV 106.9 MPH)
Tony Santiago to third
Tony Santiago scores
Batting: RHB Roberto Rivera 0-0: SINGLE (Groundball, 34S, EV 83.1 MPH) (infield hit)
Gregorio Morales to third
Batting: LHB Ryan Cross 0-0: Called Strike
0-1: Ball
1-1: Ball
2-1: 3-RUN HOME RUN (Flyball, 89XD, EV 108.1 MPH), Distance : 424 ft
Pitching: LHP Mike Shively
Batting: RHB Chad Howe 0-0: Swinging Strike
0-1: Called Strike
0-2: Ball
1-2: Foul Ball, location: 2F
1-2: Ball
2-2: Ball
3-2: Base on Balls
Batting: SHB Eddie Tetzlaff 0-0: Ball
1-0: Called Strike
Chad Howe steals 2nd base (no throw)
1-1: Ball
2-1: Ground out U3 (Groundball, 34S, EV 85.0 MPH)
Chad Howe to third
Batting: RHB Dan Osika 0-0: Fly out, F8 (Line Drive, 8RD, EV 92.5 MPH)
Runner from 3rd tags up, SCORES, throw by CF
Batting: RHB Bobby Valdez 0-0: DOUBLE (Line Drive, 78XD, EV 107.5 MPH)
Batting: LHB Eric McIver 0-0: Ball
1-0: SINGLE (Groundball, 34D, EV 111.3 MPH)
Bobby Valdez to third
Runner from 3rd tries for Home, throw by RF and OUT! 9-2
Top of the 7th over - 6 runs, 7 hits, 0 errors, 1 left on base; Myrtle Beach 11 - Potomac 5
BOTTOM OF THE 7TH
Potomac Nationals batting - Pitching for Myrtle Beach Pelicans : RHP Dan Osika
Batting: LHB Mike Shively 0-0: Called Strike
0-1: Ball
1-1: Foul Ball, location: 2F
1-2: Foul Ball, location: 2F
1-2: Ball
2-2: Strikes out swinging
Batting: RHB Jonathan Moore 0-0: Foul Ball, location: 2F
0-1: Fly out, F8 (Flyball, 8LD, EV 104.4 MPH)
Batting: LHB Mike Lopez 0-0: Ball
1-0: Ball
2-0: Ball
3-0: Called Strike
3-1: Base on Balls
Batting: RHB Alex Sandoval 0-0: Ball
1-0: Foul Ball, location: 2F
1-1: Ball
2-1: Foul Ball, location: 2F
2-2: Ball
Mike Lopez steals 2nd base
3-2: Foul Ball, location: 2F
3-2: Ground out 5-3 (Groundball, 5, EV 107.5 MPH)
Bottom of the 7th over - 0 runs, 0 hits, 0 errors, 1 left on base; Myrtle Beach 11 - Potomac 5
TOP OF THE 8TH
Myrtle Beach Pelicans batting - Pitching for Potomac Nationals : LHP Mike Shively
Batting: LHB Tony Santiago 0-0: Called Strike
0-1: SINGLE (Groundball, 34D, EV 95.0 MPH)
Batting: RHB Gregorio Morales 0-0: Ball
Tony Santiago steals 2nd base (no throw)
1-0: Fly out, F3 (Line Drive, 3, EV 73.8 MPH)
Pitching: RHP Miguel Romero
Batting: RHB Roberto Rivera 0-0: DOUBLE (Line Drive, 9LM, EV 101.3 MPH)
Tony Santiago scores
Batting: LHB Ryan Cross 0-0: Ball
1-0: Ball
2-0: Ball
3-0: Called Strike
3-1: Called Strike
3-2: Strikes out looking
Batting: RHB Chad Howe 0-0: Ball
1-0: Ball
2-0: Called Strike
2-1: Ball
3-1: SINGLE (Line Drive, 34, EV 101.9 MPH)
Roberto Rivera to third
Batting: SHB Eddie Tetzlaff 0-0: SINGLE (Groundball, 6MD, EV 109.4 MPH)
Roberto Rivera scores
Chad Howe to second
Batting: RHB Dan Osika 0-0: Ball
1-0: Foul Ball, location: 2F
1-1: Ball
2-1: Ball
3-1: Foul Ball, location: 2F
3-2: Foul Ball, location: 2F
3-2: SINGLE (Line Drive, 8RS, EV 98.8 MPH)
Chad Howe to third
Eddie Tetzlaff to second
Chad Howe scores
Eddie Tetzlaff to third
Pitching: LHP Ruben de Leon
Batting: RHB Bobby Valdez 0-0: Ball
1-0: Called Strike
1-1: Ball
2-1: Swinging Strike
2-2: Foul Ball, location: 2F
2-2: DOUBLE (Flyball, 8RXD, EV 96.9 MPH)
Eddie Tetzlaff scores
Dan Osika to third
Runner from 3rd tries for Home, SAFE, throw by CF to home
Batting: LHB Eric McIver 0-0: Ball
1-0: Ball
2-0: Called Strike
2-1: Foul Ball, location: 2F
2-2: TRIPLE (Flyball, 89XD, EV 103.1 MPH)
Bobby Valdez scores
Batting: LHB Tony Santiago 0-0: Ball
1-0: Ball
2-0: Called Strike
2-1: Ball
3-1: Base on Balls
Batting: RHB Gregorio Morales 0-0: DOUBLE (Line Drive, 7LM, EV 111.3 MPH)
Eric McIver scores
Tony Santiago to third
Runner from 3rd tries for Home, SAFE, throw by LF to home
Batting: RHB Roberto Rivera 0-0: Ball
1-0: Ball
2-0: Swinging Strike
2-1: Ground out 6-3 (Groundball, 56, EV 95.6 MPH)
Top of the 8th over - 8 runs, 8 hits, 0 errors, 1 left on base; Myrtle Beach 19 - Potomac 5
BOTTOM OF THE 8TH
Potomac Nationals batting - Pitching for Myrtle Beach Pelicans : RHP Dan Osika
Pitching: RHP Teruhito Wakabayashi
Pinch Hitting: LHB Zack Johnston 0-0: Ball
1-0: Called Strike
1-1: Foul Ball, location: 2F
1-2: Ball
2-2: Foul Ball, location: 2F
2-2: Foul Ball, location: 2F
2-2: Strikes out swinging
Batting: RHB Chris Montgomery 0-0: Ball
1-0: Called Strike
1-1: Fly out, F8 (Line Drive, 8LD, EV 85.0 MPH)
Batting: RHB Manny Jiu 0-0: Ball
1-0: Foul Ball, location: 2F
1-1: Foul Ball, location: 2F
1-2: Ground out 5-3 (Groundball, 56S, EV 76.3 MPH)
Bottom of the 8th over - 0 runs, 0 hits, 0 errors, 0 left on base; Myrtle Beach 19 - Potomac 5
TOP OF THE 9TH
Myrtle Beach Pelicans batting - Pitching for Potomac Nationals : LHP Ruben de Leon
Pitching: RHP Eric Cochran
Now at 1B: Zack Johnston
Batting: LHB Ryan Cross 0-0: Foul Ball, location: 2F
0-1: Called Strike
0-2: Ball
1-2: Foul Ball, location: 2F
1-2: Strikes out swinging
Batting: RHB Chad Howe 0-0: Swinging Strike
0-1: Called Strike
0-2: Strikes out swinging
Batting: SHB Eddie Tetzlaff 0-0: Foul Ball, location: 2F
0-1: Ball
1-1: Fly out, F8 (Flyball, 78M, EV 91.3 MPH)
Top of the 9th over - 0 runs, 0 hits, 0 errors, 0 left on base; Myrtle Beach 19 - Potomac 5
BOTTOM OF THE 9TH
Potomac Nationals batting - Pitching for Myrtle Beach Pelicans : RHP Teruhito Wakabayashi
Batting: RHB Luis Neri 0-0: Called Strike
0-1: Ball
1-1: Ball
2-1: SINGLE (Groundball, 4MD, EV 109.4 MPH)
Batting: RHB Jeremy Griffin 0-0: Swinging Strike
0-1: Called Strike
0-2: Strikes out swinging
Batting: RHB Eric Cochran 0-0: SINGLE (Line Drive, 3D, EV 106.3 MPH)
Luis Neri to second
Batting: RHB Jonathan Moore 0-0: Foul Ball, location: 2F
0-1: Ball
1-1: SINGLE (Groundball, 5S, EV 66.9 MPH) (infield hit)
Luis Neri to third
Eric Cochran to second
Batting: LHB Mike Lopez 0-0: Ball
1-0: Ball
2-0: Called Strike
2-1: SINGLE (Line Drive, 34, EV 98.8 MPH)
Luis Neri scores
Eric Cochran to third
Jonathan Moore to second
Batting: RHB Alex Sandoval 0-0: Ball
1-0: Fielders Choice at 2nd, 6-4 (Groundball, 6, EV 88.1 MPH)
Eric Cochran scores
Jonathan Moore to third
Batting: LHB Zack Johnston 0-0: Ground out 6-3 (Groundball, 6S, EV 83.1 MPH)
Bottom of the 9th over - 2 runs, 4 hits, 0 errors, 2 left on base; Myrtle Beach 19 - Potomac 7
Wednesday, June 22nd , 2022 - OOTP Baseball 23.4 Build 64